BSA
HENDERSONVILLE HITMEN @ SO CAL HENVY
08/11/2026
 
TOP OF THE 1ST
Hendersonville Hitmen batting - Pitching for So Cal Henvy : RHP Jeffrey King
Pitching: RHP Jeffrey King
Batting: RHB Eduardo García 0-0: Called Strike
0-1: Ball
1-1: SINGLE (Groundball, 4MD)
Batting: LHB José Flores 0-0: Foul Ball, location: 2F
0-1: Ball
1-1: SINGLE (Line Drive, 78S)
Eduardo García to second
Batting: RHB Manolo Román 0-0: Foul Ball, location: 2F
0-1: SINGLE (Groundball, 56)
Eduardo García to third
José Flores to second
Batting: LHB Tony Abete 0-0: Called Strike
0-1: Ball
1-1: Ball
2-1: Called Strike
2-2: Strikes out swinging
Batting: LHB Pedro Gonzáles 0-0: Foul Ball, location: 2F
0-1: Called Strike
0-2: Ball
1-2: Foul Ball, location: 2F
1-2: Strikes out swinging
Batting: RHB Bill Mark 0-0: Called Strike
0-1: Ball
1-1: Foul Ball, location: 2F
1-2: Ball
2-2: Ball
3-2: Foul Ball, location: 2F
3-2: Foul Ball, location: 2F
3-2: Ground out 5-3 (Groundball, 5S)
Top of the 1st over - 0 run(s), 3 hit(s), 0 error(s), 3 left on base; Hendersonville 0 - So Cal 0
BOTTOM OF THE 1ST
So Cal Henvy batting - Pitching for Hendersonville Hitmen : LHP Simon Martel
Pitching: LHP Simon Martel
Batting: SHB Miguel González 0-0: Ball
1-0: Ball
2-0: Foul Ball, location: 2F
2-1: Foul Ball, location: 2F
2-2: Foul Ball, location: 2F
2-2: Foul Ball, location: 2F
2-2: Ball
3-2: Base on Balls
Batting: RHB Earl Wiggins 0-0: Ball
1-0: Called Strike
1-1: Ball
2-1: Ball
3-1: Called Strike
3-2: Base on Balls
Miguel González to second
Batting: LHB John Peterson 0-0: Grounds out, U3 (Groundball, 3L)
Miguel González to third
Batting: RHB Rubén Calderón 0-0: Ball
1-0: Ground out 5-3 (Groundball, 5S)
Batting: RHB Morgan Gibbon 0-0: Ball
1-0: Ground out 6-3 (Groundball, 56)
Bottom of the 1st over - 0 run(s), 0 hit(s), 0 error(s), 2 left on base; Hendersonville 0 - So Cal 0
TOP OF THE 2ND
Hendersonville Hitmen batting - Pitching for So Cal Henvy : RHP Jeffrey King
Batting: RHB Junior Vargas 0-0: Called Strike
0-1: Ball
1-1: Ball
2-1: Ball
3-1: Base on Balls
Batting: RHB Taylor McFarland 0-0: Ball
1-0: Ball
2-0: Ball
3-0: Base on Balls
Junior Vargas to second
Batting: RHB Robert Bly 0-0: Foul Ball, location: 2F
0-1: Ball
1-1: Foul Ball, location: 2F
1-2: Foul Ball, location: 2F
1-2: Grounds into double play, 6-4-3 (Groundball, 6)
Junior Vargas to third
Batting: RHB Eduardo García 0-0: Fly out, F9 (Flyball, 9S)
Top of the 2nd over - 0 run(s), 0 hit(s), 0 error(s), 1 left on base; Hendersonville 0 - So Cal 0
BOTTOM OF THE 2ND
So Cal Henvy batting - Pitching for Hendersonville Hitmen : LHP Simon Martel
Batting: RHB Greg Handrahan 0-0: Swinging Strike
0-1: Ground out 6-3 (Groundball, 6)
Batting: RHB Edouard Padovano 0-0: Foul Ball, location: 2F
0-1: Swinging Strike
0-2: Ball
1-2: Fly out, F8 (Flyball, 8LXD)
Batting: SHB Ray Burgess 0-0: Called Strike
0-1: Foul Ball, location: 2F
0-2: Foul Ball, location: 2F
0-2: Strikes out swinging
Bottom of the 2nd over - 0 run(s), 0 hit(s), 0 error(s), 0 left on base; Hendersonville 0 - So Cal 0
TOP OF THE 3RD
Hendersonville Hitmen batting - Pitching for So Cal Henvy : RHP Jeffrey King
Batting: LHB José Flores 0-0: Called Strike
0-1: Fly out, F7 (Flyball, 78D)
Batting: RHB Manolo Román 0-0: Ball
1-0: Ball
2-0: Foul Ball, location: 2F
2-1: Ball
3-1: Foul Ball, location: 2F
3-2: Fly out, F7 (Popup, 78S)
Batting: LHB Tony Abete 0-0: Ball
1-0: Called Strike
1-1: Ball
2-1: Ball
3-1: Ground out 6-3 (Groundball, 6)
Top of the 3rd over - 0 run(s), 0 hit(s), 0 error(s), 0 left on base; Hendersonville 0 - So Cal 0
BOTTOM OF THE 3RD
So Cal Henvy batting - Pitching for Hendersonville Hitmen : LHP Simon Martel
Batting: RHB Gregg Nelson 0-0: Ball
1-0: Ball
2-0: Foul Ball, location: 2F
2-1: Called Strike
2-2: Ball
3-2: Ground out 6-3 (Groundball, 6)
Batting: SHB Miguel González 0-0: Ball
1-0: Foul Ball, location: 2F
1-1: Ball
2-1: Ball
3-1: Called Strike
3-2: Foul Ball, location: 2F
3-2: Base on Balls
Batting: RHB Earl Wiggins 0-0: Ball
Miguel González is caught stealing 2nd base
1-0: Foul Ball, location: 2F
1-1: Ball
2-1: SOLO HOME RUN (Flyball, 7D), Distance : 378 ft
Batting: LHB John Peterson 0-0: Foul Ball, location: 2F
0-1: Ball
1-1: Foul Ball, location: 2F
1-2: Ball
2-2: SINGLE (Groundball, 4M)
Batting: RHB Rubén Calderón 0-0: Ball
1-0: Fielders Choice at 2nd, 6-4 (Groundball, 6)
Bottom of the 3rd over - 1 run(s), 2 hit(s), 0 error(s), 0 left on base; Hendersonville 0 - So Cal 1
TOP OF THE 4TH
Hendersonville Hitmen batting - Pitching for So Cal Henvy : RHP Jeffrey King
Batting: LHB Pedro Gonzáles 0-0: Called Strike
0-1: Ball
1-1: Called Strike
1-2: Foul Ball, location: 2F
1-2: Strikes out swinging
Batting: RHB Bill Mark 0-0: Ball
1-0: Foul Ball, location: 2F
1-1: Foul Ball, location: 2F
1-2: Ball
2-2: Strikes out swinging
Batting: RHB Junior Vargas 0-0: Called Strike
0-1: Ball
1-1: Swinging Strike
1-2: Strikes out swinging
Top of the 4th over - 0 run(s), 0 hit(s), 0 error(s), 0 left on base; Hendersonville 0 - So Cal 1
BOTTOM OF THE 4TH
So Cal Henvy batting - Pitching for Hendersonville Hitmen : LHP Simon Martel
Batting: RHB Morgan Gibbon 0-0: Ball
1-0: Foul Ball, location: 2F
1-1: Foul Ball, location: 2F
1-2: Strikes out swinging
Batting: RHB Greg Handrahan 0-0: Foul Ball, location: 2F
0-1: Ground out 1-3 (Groundball, 13)
Batting: RHB Edouard Padovano 0-0: Ball
1-0: Swinging Strike
1-1: Ball
2-1: DOUBLE (Line Drive, 7LM)
Batting: SHB Ray Burgess 0-0: Foul Ball, location: 2F
0-1: Foul Ball, location: 2F
0-2: 2-RUN HOME RUN (Flyball, 7D), Distance : 368 ft
Batting: RHB Gregg Nelson 0-0: Foul Ball, location: 2F
0-1: Foul Ball, location: 2F
0-2: Ball
1-2: Fly out, F6 (Popup, 6MS)
Bottom of the 4th over - 2 run(s), 2 hit(s), 0 error(s), 0 left on base; Hendersonville 0 - So Cal 3
TOP OF THE 5TH
Hendersonville Hitmen batting - Pitching for So Cal Henvy : RHP Jeffrey King
Batting: RHB Taylor McFarland 0-0: Called Strike
0-1: Foul Ball, location: 2F
0-2: Ball
1-2: Ball
2-2: Strikes out looking
Batting: RHB Robert Bly 0-0: Called Strike
0-1: Ball
1-1: Swinging Strike
1-2: Strikes out looking
Batting: RHB Eduardo García 0-0: Called Strike
0-1: Called Strike
0-2: Ground out 4-3 (Groundball, 4)
Top of the 5th over - 0 run(s), 0 hit(s), 0 error(s), 0 left on base; Hendersonville 0 - So Cal 3
BOTTOM OF THE 5TH
So Cal Henvy batting - Pitching for Hendersonville Hitmen : LHP Simon Martel
Batting: SHB Miguel González 0-0: Called Strike
0-1: Ball
1-1: Foul Ball, location: 2F
1-2: Foul Ball, location: 2F
1-2: Ball
2-2: Ball
3-2: Ground out 5-3 (Groundball, 5S)
Batting: RHB Earl Wiggins 0-0: Ball
1-0: Ball
2-0: Foul Ball, location: 2F
2-1: Ball
3-1: Fly out, F8 (Flyball, 8LXD)
Batting: LHB John Peterson 0-0: Called Strike
0-1: Foul Ball, location: 2F
0-2: Ball
1-2: Strikes out swinging
Bottom of the 5th over - 0 run(s), 0 hit(s), 0 error(s), 0 left on base; Hendersonville 0 - So Cal 3
TOP OF THE 6TH
Hendersonville Hitmen batting - Pitching for So Cal Henvy : RHP Jeffrey King
Batting: LHB José Flores 0-0: Called Strike
0-1: Foul Ball, location: 2F
0-2: Ball
1-2: Ball
2-2: Ground out 6-3 (Groundball, 6M)
Batting: RHB Manolo Román 0-0: Ball
1-0: Ground out 4-3 (Groundball, 13)
Batting: LHB Tony Abete 0-0: Ball
1-0: Ball
2-0: Called Strike
2-1: Swinging Strike
2-2: Ball
3-2: Strikes out swinging
Top of the 6th over - 0 run(s), 0 hit(s), 0 error(s), 0 left on base; Hendersonville 0 - So Cal 3
BOTTOM OF THE 6TH
So Cal Henvy batting - Pitching for Hendersonville Hitmen : LHP Simon Martel
Batting: RHB Rubén Calderón 0-0: Ball
1-0: Called Strike
1-1: Ball
2-1: Ball
3-1: Foul Ball, location: 2F
3-2: Base on Balls
Batting: RHB Morgan Gibbon 0-0: Called Strike
0-1: Fly out, F3 (Popup, 3F)
Batting: RHB Greg Handrahan 0-0: Ball
1-0: Called Strike
1-1: Grounds into double play, 4-6-3 (Groundball, 4)
Bottom of the 6th over - 0 run(s), 0 hit(s), 0 error(s), 0 left on base; Hendersonville 0 - So Cal 3
TOP OF THE 7TH
Hendersonville Hitmen batting - Pitching for So Cal Henvy : RHP Jeffrey King
Batting: LHB Pedro Gonzáles 0-0: Called Strike
0-1: Called Strike
0-2: Ball
1-2: Ball
2-2: Strikes out swinging
Batting: RHB Bill Mark 0-0: Ball
1-0: Ball
2-0: Called Strike
2-1: Ball
3-1: Base on Balls
Batting: RHB Junior Vargas 0-0: Ball
1-0: Fielders Choice at 2nd, 2-6 (Groundball, 2R)
Now at SS: Al Mills
Batting: RHB Taylor McFarland 0-0: Ball
1-0: Ball
Junior Vargas steals 2nd base
2-0: Foul Ball, location: 2F
2-1: Foul Ball, location: 2F
2-2: SINGLE (Line Drive, 4M)
Junior Vargas to third
Batting: RHB Robert Bly 0-0: Called Strike
0-1: Foul Ball, location: 2F
0-2: Strikes out swinging
Top of the 7th over - 0 run(s), 1 hit(s), 0 error(s), 2 left on base; Hendersonville 0 - So Cal 3
BOTTOM OF THE 7TH
So Cal Henvy batting - Pitching for Hendersonville Hitmen : LHP Simon Martel
Pitching: LHP Alfonso Ramos
Batting: RHB Edouard Padovano 0-0: Foul Ball, location: 2F
0-1: Called Strike
0-2: Fly out, F8 (Flyball, 8RM)
Batting: SHB Ray Burgess 0-0: Swinging Strike
0-1: Called Strike
0-2: Ball
1-2: SOLO HOME RUN (Flyball, 7D), Distance : 373 ft
Batting: LHB Al Mills 0-0: Swinging Strike
0-1: Ball
1-1: Ball
2-1: Called Strike
2-2: Strikes out looking
Batting: SHB Miguel González 0-0: Called Strike
0-1: Ball
1-1: Swinging Strike
1-2: Strikes out swinging
Bottom of the 7th over - 1 run(s), 1 hit(s), 0 error(s), 0 left on base; Hendersonville 0 - So Cal 4
TOP OF THE 8TH
Hendersonville Hitmen batting - Pitching for So Cal Henvy : RHP Jeffrey King
Batting: RHB Eduardo García 0-0: Ball
1-0: Foul Ball, location: 2F
1-1: Foul Ball, location: 2F
1-2: Ball
2-2: Strikes out swinging
Pitching: RHP Jim Nelson
Batting: LHB José Flores 0-0: Foul Ball, location: 2F
0-1: Called Strike
0-2: Ball
1-2: Ball
2-2: Ground out 4-3 (Groundball, 34)
Batting: RHB Manolo Román 0-0: Ball
1-0: Ball
2-0: Ball
3-0: Base on Balls
Batting: LHB Tony Abete 0-0: Called Strike
0-1: Ball
1-1: Foul Ball, location: 2F
1-2: Foul Ball, location: 2F
1-2: Strikes out looking
Top of the 8th over - 0 run(s), 0 hit(s), 0 error(s), 1 left on base; Hendersonville 0 - So Cal 4
BOTTOM OF THE 8TH
So Cal Henvy batting - Pitching for Hendersonville Hitmen : LHP Alfonso Ramos
Batting: RHB Earl Wiggins 0-0: SINGLE (Groundball, 6D)
Batting: LHB John Peterson 0-0: Ball
1-0: Ball
2-0: Fly out, F7 (Flyball, 78M)
Batting: RHB Rubén Calderón 0-0: Fly out, F5 (Line Drive, 5L)
Batting: RHB Morgan Gibbon 0-0: Foul Ball, location: 2F
0-1: Ball
1-1: Foul Ball, location: 2F
1-2: Strikes out swinging
Bottom of the 8th over - 0 run(s), 1 hit(s), 0 error(s), 1 left on base; Hendersonville 0 - So Cal 4
TOP OF THE 9TH
Hendersonville Hitmen batting - Pitching for So Cal Henvy : RHP Jim Nelson
Batting: LHB Pedro Gonzáles 0-0: Foul Ball, location: 2F
0-1: Fly out, F7 (Flyball, 78XD)
Batting: RHB Bill Mark 0-0: Swinging Strike
0-1: Ball
1-1: Ball
2-1: Ball
3-1: Called Strike
3-2: Strikes out swinging
Batting: RHB Junior Vargas 0-0: Foul Ball, location: 2F
0-1: Fly out, F9 (Flyball, 9M)
Top of the 9th over - 0 run(s), 0 hit(s), 0 error(s), 0 left on base; Hendersonville 0 - So Cal 4
Monday, December 5th, 2016 - OOTP Baseball 17.12 Build 75